 Dungeon Crawl Stone Soup version 0.23-a0-558-g30802b1 (webtiles) character file.

149019 Amnesiac the Fetichist (level 16, -11/87 HPs)
             Began as a Spriggan Berserker on Dec 11, 2018.
             Was the Champion of Trog.
             Killed from afar by a ynoxinul (14 damage)
             ... with an iron shot
             ... summoned by a deep elf demonologist
             ... on level 2 of the Elven Halls.
             The game lasted 01:27:11 (38786 turns).

Amnesiac the Fetichist (Spriggan Berserker)        Turns: 38786, Time: 01:27:11

Health: -11/87     AC: 18    Str: 18    XL:     16   Next: 95%
Magic:  31/31      EV: 24    Int: 11    God:    Trog [******]
Gold:   411        SH:  7    Dex: 15    Spells: 15/15 levels left

rFire    . . .     SeeInvis +   a - +7 quick blade (venom)
rCold    + + .     Gourm    .   j - +0 buckler (curse)
rNeg     . . .     Faith    +   s - +0 ice dragon scales
rPois    .         Spirit   .   (helmet restricted)
rElec    .         Reflect  .   D - +2 cloak {+Inv}
rCorr    .         Harm     .   (gloves unavailable)
MR       ++...                  (boots unavailable)
Stlth    +++++.....             n - amulet of faith
HPRegen  0.24/turn              S - +4 ring of protection
MPRegen  0.22/turn              A - ring of protection from fire

@: very slightly contaminated, very quick
A: very small, unfitting armour, see invisible, herbivore, speed 3, slow
metabolism 2
a: Berserk, Trog's Hand, Brothers in Arms, Renounce Religion, Evoke Invisibility


You were on level 2 of the Elven Halls.
You worshipped Trog.
Trog was exalted by your worship.
You were not hungry.

You visited 4 branches of the dungeon, and saw 25 of its levels.
You also visited: Sewer and Ice Cave.

You collected 3115 gold pieces.
You spent 2704 gold pieces at shops.

Inventory:

Hand Weapons
 a - a +7 quick blade of venom (weapon)
 b - a +6 blowgun
 o - the +11 dagger of Hard Scrabble {vamp, +Blink rElec}
   (Trog gifted it to you on level 2 of the Orcish Mines)

   It inflicts no extra harm, but heals its wielder when it wounds a living foe.
   It insulates you from electricity.
   It lets you blink.
Missiles
 k - 39 tomahawks
 m - 7 tomahawks of returning (quivered)
 r - 19 needles of confusion
 F - 8 steel tomahawks
 J - 10 needles of frenzy
 M - 4 poisoned tomahawks
 O - 28 curare-tipped needles
 P - 6 tomahawks of dispersal
 Q - 2 silver tomahawks
 X - 2 throwing nets
Armour
 j - a cursed +0 buckler (worn)
 s - +0 ice dragon scales (worn)
 D - a +2 cloak of invisibility (worn)
 U - a scarf of spirit shield
 Z - a scarf of cloud immunity
Jewellery
 i - an uncursed ring of resist corrosion
 n - an amulet of faith (around neck)
 A - a ring of protection from fire (right hand)
 E - an uncursed amulet of guardian spirit
 R - an uncursed ring of poison resistance
 S - a +4 ring of protection (left hand)
 T - an uncursed ring of flight
Wands
 q - a wand of scattershot (4)
 u - a wand of flame (50)
 B - a wand of iceblast (3)
 G - a wand of paralysis (23)
 K - a wand of acid (27)
 L - a wand of disintegration (13)
Scrolls
 c - a scroll of vulnerability {!r}
 d - 12 scrolls of teleportation {!r}
 e - 5 scrolls of enchant armour {!r}
 f - 4 scrolls of fog {!r}
 g - 9 scrolls of remove curse {!r}
 t - a scroll of acquirement {!r}
 y - a scroll of blinking {!r}
 H - 3 scrolls of identify {!r}
 N - 3 scrolls of magic mapping {!r}
Potions
 h - 12 potions of curing {!q}
 l - 5 potions of brilliance {!q}
 p - 12 potions of heal wounds {!q}
 v - 5 potions of might {!q}
 w - 3 potions of cancellation {!q}
 x - a potion of haste {!q}
 z - 5 potions of agility {!q}
 C - 4 potions of magic {!q}
 Y - a potion of resistance {!q}
Miscellaneous
 I - a phial of floods
 V - a lightning rod (4/4)
 W - a fan of gales


   Skills:
 - Level 11.1 Fighting
 - Level 10.5 Short Blades
 - Level 13.3 Throwing
 - Level 5.0 Armour
 - Level 14.4 Dodging
 - Level 18.0 Stealth
 + Level 6.8 Shields
 - Level 20.1 Evocations


You had 15 spell levels left.
You didn't know any spells.
Your spell library contained the following spells:

 Spells                   Type           Power        Failure   Level  Hunger
 Beastly Appendage        Tmut           #.....       80%         1    ##.....
 Confusing Touch          Hex            #.....       80%         1    ##.....
 Shock                    Conj/Air       #...         80%         1    ##.....
 Sting                    Conj/Pois      #...         80%         1    ##.....
 Poisonous Vapours        Pois/Air       #.....       90%         2    ###....
 Searing Ray              Conj           #.....       90%         2    ###....
 Sticks to Snakes         Tmut           #.......     90%         2    ###....
 Sublimation of Blood     Necr           #.........   90%         2    ###....
 Swiftness                Chrm/Air       #.......     90%         2    ###....
 Confuse                  Hex            #.......     99%         3    ####...
 Gell's Gravitas          Tloc           #.........   99%         3    ####...
 Ignite Poison            Fire/Tmut/Pois #.......     99%         3    ####...
 Mephitic Cloud           Conj/Pois/Air  #.......     99%         3    ####...
 Spider Form              Tmut/Pois      #.........   99%         3    ####...
 Static Discharge         Conj/Air       #.......     99%         3    ####...
 Airstrike                Air            #.........   100%        4    #####..
 Cause Fear               Hex            #.........   100%        4    #####..
 Ice Form                 Ice/Tmut       #.......     100%        4    #####..
 Leda's Liquefaction      Hex/Erth       #.........   100%        4    #####..
 Olgreb's Toxic Radiance  Pois           #.......     100%        4    #####..
 Petrify                  Tmut/Erth      #.......     100%        4    #####..
 Alistair's Intoxication  Tmut/Pois      #.......     100%        5    ######.
 Blade Hands              Tmut           #.........   100%        5    ######.
 Bolt of Magma            Conj/Fire/Erth #.........   100%        5    ######.
 Irradiate                Conj/Tmut      #.........   100%        5    ######.
 Lightning Bolt           Conj/Air       #.........   100%        5    ######.
 Metabolic Englaciation   Hex/Ice        #.........   100%        5    ######.
 Silence                  Hex/Air        #.........   100%        5    ######.
 Venom Bolt               Conj/Pois      #.........   100%        5    ######.
 Yara's Violent Unravell  Hex/Tmut       #.........   100%        5    ######.
 Deflect Missiles         Chrm/Air       #.........   100%        6    #######
 Hydra Form               Tmut           #.........   100%        6    #######
 Iron Shot                Conj/Erth      #.........   100%        6    #######
 Statue Form              Tmut/Erth      #........    100%        6    #######
 Orb of Destruction       Conj           #.........   100%        7    #######
 Discord                  Hex            #.........   100%        8    #######
 Ignition                 Fire           #.........   100%        8    #######
 Shatter                  Erth           #.........   100%        9    #######
 Tornado                  Air            #.........   100%        9    #######


Dungeon Overview and Level Annotations

Branches:
Dungeon (15/15)            Temple (0/1) D:5            Lair (6/6) D:9
 Shoals (0/4) Lair:4        Snake (0/4) Lair:3        Slime (0/5) Lair:5
    Orc (2/2) D:10            Elf (2/3) Orc:2        Vaults (0/5) D:13
 Depths (0/5) D:15

Altars:
Dithmenos
Kikubaaqudgha
Makhleb
Ru
Uskayaw
Vehumet
Yredelemnul
Zin
Beogh

Shops:
D:9 =   D:11 *   D:13 =   Orc:2 [(!}


Innate Abilities, Weirdness & Mutations

You are very small and have problems with some larger weapons.
You are too small for most types of armour.
You have supernaturally acute eyesight. (SInv)
You are a herbivore.
You cover ground extremely quickly.
You need to consume almost no food.


Message History

You skewer the +3 hand axe of chopping like a kebab!!!!
The +3 hand axe of chopping falls from the air.
Trog accepts your kill.
A deep elf mage comes into view.
It is wielding a +2 long sword of protection.
The helpless deep elf knight fails to defend itself.
You perforate the deep elf knight like a sieve!!!!
You kill the deep elf knight!
Trog accepts your kill.
Trog appreciates your killing of a magic user.
Found a spear.
A deep elf archer comes into view. It is wielding a +0 short sword.
The deep elf demonologist shouts!
The deep elf mage shouts!
You hear a shout!
A deep elf mage comes into view. It is wielding a +0 short sword.
A deep elf demonologist comes into view.
It is wielding a +0 rapier.
The deep elf demonologist casts a spell.
The deep elf archer shouts!
The deep elf demonologist shouts!
There is an open door here.
The deep elf mage casts a spell at you. You block the stone arrow.
The deep elf mage gestures wildly while chanting.
The deep elf demonologist casts a spell.
The deep elf demonologist gestures wildly while chanting.
You hit the deep elf demonologist but do no damage.
The deep elf demonologist is poisoned.
The deep elf mage mumbles some strange words.
The deep elf mage blinks!
The deep elf demonologist gestures wildly while chanting.
The ynoxinul completely misses you. The Executioner hits you!
You block the Executioner's attack.
The Executioner hits you but does no damage.
You open the door. The Executioner barely misses you.
You block the Executioner's attack. The Executioner hits you.
The tormentor calls on the powers of darkness!
The deep elf archer convulses!
The deep elf demonologist convulses!
Your body is wracked with pain!
* * * LOW HITPOINT WARNING * * *
The deep elf mage convulses! x2; The deep elf demonologist convulses!
The deep elf mage points at you and mumbles some strange words.
The bolt of fire hits you!
* * * LOW HITPOINT WARNING * * *
The deep elf mage casts a spell at you. The stone arrow hits you!
* * * LOW HITPOINT WARNING * * *
The ynoxinul hits you but does no damage.
The Executioner gestures.
The Executioner seems to speed up.
The Executioner closely misses you.
The Executioner hits you but does no damage. x2
You block the deep elf mage's attack. The Executioner hits you!
* * * LOW HITPOINT WARNING * * *
You block the Executioner's attack. x2
There is an open door, spattered with blood here.
The deep elf mage gestures wildly while chanting.
Okay, then.
Really read
y - 2 scrolls of blinking {!r}?
Blink to where?
Press: ? - help, Dir - move target cursor You are very lightly contaminated with residual magic.
As you read the scroll of blinking {!r}, it crumbles to dust.
You block the tormentor's attack.
The tormentor hits you but does no damage.
The ynoxinul gestures at you. The iron shot hits you!
You die...

##### ##..E..
##.....## ##.....e.##
#...§.§E§e###### ...
#....E.2e.1§...+ ..
...
#......3ee######... ..
#......2##>..##'# ..
##....@'#.....'# # #.
##...##.......## #. #.
#+###.........# #..#.
#.#.......)...###..#.
#+###.........'....'.
....#..)..)...###....
.....#...<.....# #...#
..e..#........## #.#..
.....#.......#'###.##+


You could see a cacodemon, an Executioner, 2 deep elf demonologists, a deep elf
archer, 3 deep elf magi, a tormentor, 3 fire elementals and a ynoxinul.

Vanquished Creatures
  Rupert (D:14)
  Asterion (Elf:1)
  Kirke (D:12)
  A deep elf sorcerer (Elf:1)
  Louise (D:15)
  Snorg (D:12)
  Josephine (Lair:5)
  Erolcha (Orc:2)
  7 hydras
  3 catoblepae
  3 ice dragons
  A death knight (D:15)
  6 centaur warriors
  9 dancing weapons
  3 death yaks (Lair:4)
  2 tengu warriors
  4 ogre magi (Orc:2)
  4 two-headed ogres
  Sonja (Lair:4)
  Nergalle (Orc:2)
  6 deep elf knights (Elf:2)
  5 skeletal warriors
  An unseen horror (D:14)
  An orange crystal statue (D:9)
  5 deep elf archers
  2 phantasmal warriors
  A wizard (D:14)
  An orb spider (shapeshifter) (Elf:2)
  17 ugly things
  4 oklob plants
  4 orc knights
  A wolf spider zombie (D:15)
  3 wolf spiders
  46 deep elf magi
  3 cyclopes
  A faun (Lair:6)
  2 manticores
  5 orc sorcerers
  An elephant (shapeshifter) (D:10)
  2 ice statues (IceCv)
  6 elephants
  8 black mambas
  A guardian serpent (Lair:6)
  An eye of devastation (shapeshifter) (D:15)
  A merfolk siren (Lair:4)
  6 gargoyles
  A torpor snail (Lair:4)
  19 spiny frogs
  2 centaur skeletons (D:15)
  2 efreet (D:15)
  4 rime drakes
  A spiny frog (shapeshifter) (D:15)
  7 komodo dragons
  A freezing wraith (D:14)
  A yaktaur (D:15)
  A tengu conjurer (D:14)
  A troll (shapeshifter) (D:13)
  7 trolls
  A hippogriff (shapeshifter) (D:14)
  Prince Ribbit (D:5)
  5 hornets
  2 hornets (shapeshifter) (D:15)
  4 slime creatures (D:15)
  4 polar bears
  5 dream sheep (Lair:6)
  13 blink frogs
  8 hippogriffs
  A vampire (D:14)
  An air elemental (Elf:2)
  A spriggan (shapeshifter) (D:15)
  4 shadows
  11 wyverns
  A redback (Lair:6)
  A water elemental (Elf:1)
  A fire elemental (Elf:2)
  7 wraiths
  41 yaks
  4 hogs (D:12)
  5 basilisks
  Eustachio (D:5)
  4 vampire mosquitoes
  Edmund (D:5)
  2 hungry ghosts
  2 wargs
  A soldier ant (D:13)
  10 porcupines
  33 water moccasins
  Duvessa (D:6)
  28 orc warriors
  20 ice beasts
  3 sky beasts
  A black bear (D:9)
  3 eyes of draining
  22 centaurs
  5 boggarts (D:15)
  17 ogres
  43 wolves
  15 crocodiles
  5 big kobolds
  11 bullfrogs
  2 earth elementals (Elf:2)
  A wyvern skeleton (D:13)
  Dowan (D:6)
  A wyvern zombie (D:11)
  5 scorpions
  21 killer bees
  11 wights
  2 howler monkeys
  3 electric eels
  2 centaur zombies
  6 crimson imps
  A quasit (D:6)
  Crazy Yiuf (D:7)
  6 hounds
  8 jellies
  23 orc priests
  39 orc wizards
  3 bullfrog skeletons
  A gnoll shaman (D:6)
  Jessica (D:2)
  Natasha (twice) (D:3)
  2 iguanas
  11 worker ants
  A hound zombie (D:7)
  13 gnolls
  20 adders
  7 shadow imps
  10 oozes
  2 adder zombies
  An adder skeleton (D:7)
  5 worms
  A dart slug (D:1)
  8 leopard geckos
  88 orcs
  3 ball pythons
  11 giant cockroaches
  11 goblins
  15 hobgoblins
  14 jackals
  38 kobolds
  3 quokkas
  11 bats
  6 frilled lizards
  A jackal skeleton (D:8)
  A leopard gecko zombie (D:8)
  15 rats
  A spectral orc (D:3)
  A fungus (Lair:5)
  A plant (Lair:5)
1023 creatures vanquished.

Vanquished Creatures (others)
  An unseen horror (D:15)
  An ugly thing (D:15)
  A deep elf mage (Elf:1)
  Grinder (D:6)
  A human (D:12)
  A wraith (D:10)
  An orc wizard (Orc:2)
  2 orcs
  13 fungi
  14 plants
36 creatures vanquished.

Grand Total: 1059 creatures vanquished

Notes
Turn   | Place    | Note
-------+----------+-------------------------------------------
     0 | D:1      | Amnesiac the Spriggan Berserker began the quest for the
                  | Orb.
     0 | D:1      | Reached XP level 1. HP: 11/11 MP: 2/2
   152 | D:1      | Reached XP level 2. HP: 12/16 MP: 3/3
   627 | D:1      | Reached XP level 3. HP: 14/19 MP: 4/4
   672 | D:1      | Reached ** piety under Trog
   899 | D:2      | Reached skill level 5 in Short Blades
  1231 | D:2      | Reached XP level 4. HP: 23/23 MP: 5/5
  1418 | D:2      | Noticed Jessica
  1422 | D:2      | Killed Jessica
  2162 | D:3      | Reached XP level 5. HP: 27/27 MP: 6/6
  2241 | D:3      | Noticed Natasha
  2394 | D:3      | Killed Natasha
  2410 | D:3      | Noticed Natasha
  2540 | D:3      | Found a basalt altar of Yredelemnul.
  2552 | D:3      | Reached *** piety under Trog
  2561 | D:3      | Reached XP level 6. HP: 28/32 MP: 7/7
  2737 | D:3      | HP: 2/48 [giant cockroach (1)]
  2800 | D:3      | Found a glowing drain.
  2810 | Sewer    | Entered a sewer
  3232 | Sewer    | Reached skill level 1 in Throwing
  3241 | Sewer    | Reached skill level 5 in Dodging
  3241 | Sewer    | Reached XP level 7. HP: 35/35 MP: 8/8
  3315 | D:3      | Killed Natasha
  3401 | D:3      | Reached **** piety under Trog
  3715 | D:4      | Received a gift from Trog
  4242 | D:5      | Entered Level 5 of the Dungeon
  4354 | D:5      | Noticed Prince Ribbit
  4376 | D:5      | Killed Prince Ribbit
  4620 | D:5      | Reached XP level 8. HP: 42/42 MP: 9/9
  4922 | D:5      | Found a staircase to the Ecumenical Temple.
  5030 | D:5      | Noticed Eustachio
  5268 | D:5      | Killed Eustachio
  6040 | D:5      | Found a staircase to the Ecumenical Temple.
  6300 | D:6      | Received a gift from Trog
  6307 | D:6      | Noticed Grinder
  6309 | D:6      | Reached skill level 5 in Throwing
  6329 | D:6      | Noticed Edmund
  6369 | D:5      | Reached skill level 5 in Fighting
  6498 | D:6      | Reached XP level 9. HP: 47/47 MP: 10/10
  6508 | D:6      | Received a gift from Trog
  6579 | D:5      | Killed Edmund
  6752 | D:6      | Noticed Dowan
  6753 | D:6      | Noticed Duvessa
  6797 | D:6      | Killed Duvessa
  6951 | D:6      | Killed Grinder
  6951 | D:6      | Reached skill level 10 in Dodging
  6973 | D:6      | Killed Dowan
  6974 | D:6      | Found a shadowy altar of Dithmenos.
  7305 | D:6      | Reached ***** piety under Trog
  7305 | D:6      | Received a gift from Trog
  7712 | D:7      | Reached skill level 1 in Stealth
  8143 | D:7      | Found a runed door.
  8546 | D:7      | Reached XP level 10. HP: 53/53 MP: 11/11
  8564 | D:7      | Received a gift from Trog
  8700 | D:7      | Reached skill level 5 in Stealth
  9037 | D:7      | Noticed Crazy Yiuf
  9049 | D:7      | Killed Crazy Yiuf
  9159 | D:8      | Reached skill level 1 in Evocations
  9251 | D:8      | Reached skill level 2 in Evocations
  9310 | D:8      | Reached skill level 3 in Evocations
  9603 | D:8      | Reached skill level 4 in Evocations
  9671 | D:8      | Noticed a two-headed ogre
  9705 | D:8      | Killed a two-headed ogre
  9705 | D:8      | Reached skill level 6 in Evocations
  9825 | D:8      | Reached skill level 7 in Evocations
 10028 | D:8      | Received a gift from Trog
 10302 | D:8      | Found a sacrificial altar of Ru.
 10302 | D:8      | Found a faded altar of an unknown god.
 10308 | D:8      | Found a radiant altar of Vehumet.
 10310 | D:8      | Found a glowing silver altar of Zin.
 10312 | D:8      | Found a hide-covered altar of Uskayaw.
 10631 | D:8      | Received a gift from Trog
 10639 | D:8      | Reached skill level 8 in Evocations
 10674 | D:8      | Noticed a seven-headed hydra
 10754 | D:8      | Killed a seven-headed hydra
 10960 | D:8      | Noticed a cyclops
 10975 | D:8      | Killed a cyclops
 11309 | D:9      | Reached XP level 11. HP: 41/58 MP: 18/18
 11543 | D:9      | Found a staircase to the Lair.
 11727 | D:9      | Noticed an orange crystal statue
 12131 | D:9      | Found Eddysy's Jewellery Shoppe.
 12331 | D:9      | Killed an orange crystal statue
 12388 | D:10     | Entered Level 10 of the Dungeon
 12564 | D:10     | Found a transporter.
 12579 | D:10     | Found a transporter.
 12581 | D:10     | Noticed a swamp dragon
 12581 | D:10     | Noticed a deep elf mage
 12584 | D:10     | Noticed an orc knight
 12598 | D:10     | Noticed a fire crab
 12598 | D:10     | a swamp dragon changed into a fire crab
 12605 | D:10     | Reached skill level 10 in Stealth
 12776 | D:10     | Noticed a mana viper
 12953 | D:10     | Found a staircase to the Orcish Mines.
 13611 | D:10     | Noticed a harpy
 13611 | D:10     | a warg changed into a harpy
 13616 | D:10     | a harpy changed into an eye of draining
 13646 | D:10     | Reached skill level 10 in Short Blades
 13655 | D:10     | Noticed a two-headed ogre
 13680 | D:10     | Noticed a sea snake
 13680 | D:10     | a moth of wrath changed into a sea snake
 13682 | D:10     | a sea snake changed into a cyclops
 13683 | D:10     | Noticed a mana viper
 13683 | D:10     | a cyclops changed into a mana viper
 13697 | D:10     | a mana viper changed into a guardian serpent
 13704 | D:10     | Killed a two-headed ogre
 13946 | D:10     | Noticed a mana viper
 13947 | D:10     | Noticed a two-headed ogre
 13947 | D:10     | a mana viper changed into a two-headed ogre
 13965 | D:10     | Noticed a glowing orange brain
 13965 | D:10     | a floating eye changed into a glowing orange brain
 14380 | D:10     | Noticed a mana viper
 14385 | D:10     | a mana viper changed into a merfolk
 14387 | D:10     | Noticed a glowing orange brain
 14387 | D:10     | a merfolk changed into a glowing orange brain
 14389 | D:10     | Noticed a shining eye
 14389 | D:10     | a glowing orange brain changed into a shining eye
 14390 | D:10     | a shining eye changed into an eye of devastation
 14662 | D:10     | Found a roughly hewn altar of Beogh.
 14835 | Orc:1    | Entered Level 1 of the Orcish Mines
 15074 | Orc:1    | Received a gift from Trog
 15257 | Orc:2    | Entered Level 2 of the Orcish Mines
 15298 | Orc:2    | Reached ****** piety under Trog
 15336 | Orc:2    | Received a gift from Trog
 15431 | Orc:1    | Noticed an orc sorcerer
 15472 | Orc:2    | Found a staircase to the Elven Halls.
 15829 | Orc:2    | Reached skill level 10 in Throwing
 16578 | Orc:2    | Noticed an ogre mage
 16608 | Orc:2    | Killed an ogre mage
 16689 | Orc:2    | Found an ancient bone altar of Kikubaaqudgha.
 16690 | Orc:2    | Noticed an ogre mage
 16690 | Orc:2    | Noticed an orc sorcerer
 16690 | Orc:2    | Noticed Nergalle
 16732 | Orc:2    | Killed an orc sorcerer
 16732 | Orc:2    | Reached XP level 12. HP: 49/62 MP: 19/19
 16783 | Orc:2    | Killed an ogre mage
 16884 | Orc:2    | Found Moumasef's Antique Armour Shop.
 17075 | Orc:2    | Received a gift from Trog
 17076 | Orc:2    | Got a bloodstained dagger {god gift}
 17077 | Orc:2    | Identified the +11 dagger of Hard Scrabble {vamp, +Blink
                  | rElec} (Trog gifted it to you on level 2 of the Orcish
                  | Mines)
 17111 | Orc:2    | Bought a pitted cloak for 218 gold pieces
 17121 | Orc:2    | Identified the +0 cloak of the Sun {rN+ Int+3} (You bought
                  | it in a shop on level 2 of the Orcish Mines)
 17144 | Orc:2    | Found a radiant altar of Vehumet.
 17144 | Orc:2    | Noticed Erolcha
 17146 | Orc:2    | Noticed an ogre mage
 17163 | Orc:2    | Killed Erolcha
 17171 | Orc:2    | Killed an ogre mage
 17210 | Orc:2    | Found Vetruwora's Distillery.
 17241 | Orc:2    | Killed Nergalle
 17299 | Orc:2    | Found a roughly hewn altar of Beogh.
 17299 | Orc:2    | Found Qiwnyuho's Gadget Shop.
 17300 | Orc:2    | Found Bais's Antique Weapon Boutique.
 17301 | Orc:2    | Noticed an ogre mage
 17347 | Orc:2    | Killed an ogre mage
 17347 | Orc:2    | Reached skill level 9 in Evocations
 17406 | Orc:2    | Bought a potion of cancellation for 128 gold pieces
 17406 | Orc:2    | Bought a potion of might for 64 gold pieces
 17406 | Orc:2    | Bought a potion of haste for 160 gold pieces
 17449 | Orc:2    | Bought a glowing cloak for 172 gold pieces
 17765 | Orc:1    | Received a gift from Trog
 17789 | Orc:1    | Received a gift from Trog
 17984 | Lair:1   | Entered Level 1 of the Lair of Beasts
 18116 | Lair:1   | Reached skill level 10 in Evocations
 19172 | Lair:2   | Found a basalt altar of Yredelemnul.
 19438 | Lair:2   | Got a scorched short sword
 19439 | Lair:2   | Identified the +6 short sword of Uwovoh {pain, rN+ MR-
                  | Int+4} (You found it on level 2 of the Lair of Beasts)
 20051 | Lair:3   | You fall through a shaft for 2 floors!
 20241 | Lair:5   | Reached XP level 13. HP: 45/70 MP: 21/21
 20478 | Lair:5   | Found a burning altar of Makhleb.
 20583 | Lair:5   | Received a gift from Trog
 20592 | Lair:5   | Noticed Josephine
 20593 | Lair:5   | You fall through a shaft!
 20593 | Lair:6   | Entered Level 6 of the Lair of Beasts
 20667 | Lair:6   | Reached skill level 10 in Fighting
 21614 | Lair:4   | Found a frozen archway.
 21625 | Lair:4   | Received a gift from Trog
 21654 | Lair:4   | Noticed Sonja
 21659 | Lair:4   | Killed Sonja
 21659 | Lair:4   | Reached skill level 11 in Evocations
 21780 | IceCv    | Entered an ice cave
 21869 | IceCv    | Reached skill level 1 in Armour
 22335 | Lair:4   | Reached XP level 14. HP: 74/77 MP: 23/23
 22511 | Lair:4   | Found a staircase to the Shoals.
 22845 | Lair:4   | Found a runed door.
 23218 | Lair:3   | Found a staircase to the Snake Pit.
 23392 | Lair:3   | Received a gift from Trog
 23946 | Lair:3   | Received a gift from Trog
 24644 | Lair:5   | Got a heavily runed silver ring
 24646 | Lair:5   | Identified the ring of Uxkuk {*Drain MR+ Int+2 SInv} (You
                  | found it on level 5 of the Lair of Beasts)
 24835 | D:10     | Received a gift from Trog
 25186 | Lair:5   | Found a staircase to the Slime Pits.
 25428 | Lair:5   | Killed Josephine
 25669 | Lair:6   | Received a gift from Trog
 26490 | Lair:6   | Reached skill level 12 in Evocations
 26537 | Lair:6   | Received a gift from Trog
 27071 | Lair:6   | Got an ichor-stained spear
 27296 | Lair:6   | Received a gift from Trog
 27684 | D:11     | Found Tetufub's Demolitions Depot.
 27706 | D:11     | Bought a manual of Evocations for 1324 gold pieces
 27706 | D:11     | Bought a wand of scattershot (4) for 288 gold pieces
 28060 | D:11     | Reached XP level 15. HP: 82/82 MP: 25/25
 28303 | D:12     | Noticed Kirke
 28369 | D:12     | Received a gift from Trog
 28417 | D:12     | Killed Kirke
 28800 | D:12     | Reached skill level 13 in Evocations
 28990 | D:12     | Noticed Snorg
 29094 | D:12     | Killed Snorg
 29094 | D:12     | Reached skill level 14 in Evocations
 29990 | D:13     | Found a gate to the Vaults.
 30007 | D:13     | Reached skill level 15 in Evocations
 30062 | D:13     | Received a gift from Trog
 30118 | D:13     | Identified a scroll of acquirement {!r}
 30228 | D:13     | You fall through a shaft for 2 floors!
 30228 | D:15     | Entered Level 15 of the Dungeon
 30228 | D:15     | Found a staircase to the Depths.
 30306 | D:14     | Noticed Rupert
 30508 | D:13     | Reached skill level 16 in Evocations
 30543 | D:14     | Killed Rupert
 30950 | D:13     | Reached skill level 5 in Armour
 31040 | D:13     | Reached skill level 17 in Evocations
 31189 | D:13     | Found Pock's Jewellery Shop.
 31197 | D:13     | Bought an uncursed ring of protection from fire for 350
                  | gold pieces
 31522 | D:14     | Received a gift from Trog
 31532 | D:14     | Reached skill level 18 in Evocations
 31892 | D:14     | Received a gift from Trog
 31910 | D:14     | Reached skill level 19 in Evocations
 32203 | D:14     | Identified the Compendium of Nocuous Shape Shifting
 32218 | D:14     | Got a shimmering war axe
 33188 | D:15     | Reached skill level 20 in Evocations
 33828 | D:15     | Noticed Louise
 33848 | D:15     | Killed Louise
 33936 | D:15     | Reached XP level 16. HP: 57/87 MP: 31/31
 34033 | D:15     | Reached skill level 15 in Stealth
 34208 | D:15     | Received a gift from Trog
 34742 | D:15     | Received a gift from Trog
 35208 | D:15     | Found a sacrificial altar of Ru.
 35481 | Elf:1    | Entered Level 1 of the Elven Halls
 35518 | Elf:1    | Received a gift from Trog
 35968 | Elf:1    | Noticed Asterion
 35994 | Elf:1    | Killed Asterion
 35994 | Elf:1    | Reached skill level 1 in Shields
 36295 | Elf:1    | Identified the Disquisition on Arcane Weapons
 37562 | Elf:2    | Received a gift from Trog
 37628 | Elf:2    | Received a gift from Trog
 37628 | Elf:2    | Reached skill level 5 in Shields
 38062 | Elf:2    | Received a gift from Trog
 38383 | Elf:2    | Received a gift from Trog
 38779 | Elf:2    | Noticed an Executioner
 38784 | Elf:2    | HP: 2/87 [Executioner[a deep elf demonologist] (16)]
 38786 | Elf:2    | Killed from afar by a ynoxinul

Vault maps used:
D:1:      minmay_arrival_cross, hangedman_decor_opposing
D:2:      serial_co_window_serial, co_window_paths_a, co_window_paths_a,
          co_window_corner_a, co_window_corner_a, co_window_corner_a,
          co_window_broadway_a, co_window_of_opportunity_b,
          co_window_of_opportunity_b, co_window_of_opportunity_c,
          co_window_corner_ca, co_window_corner_cb, co_window_of_opportunity_c,
          glass_columns_b, first_ration, uniq_jessica
D:3:      yredelemnul_forgotten_temple_becter, gup_sewer_entry_bubbles,
          uniq_natasha
D:4:      serial_glass, glass_columns_a, glass_columns_b
D:5:      minmay_temple_entry_fiery, dk_noncrumbling_4, grunt_tough_drop,
          uniq_prince_ribbit1, uniq_eustachio
D:6:      corexii_shantytown, nicolae_dithmenos_through_a_glass_darkly,
          uniq_grinder, uniq_duvessa, uniq_edmund
D:7:      nicolae_lava_and_water, uniq_crazy_yiuf_cottage
D:8:      minmay_cornered_nines, nicolae_overflow_hidden_temple,
          chequers_temple_overflow_minitemple, hangedman_little_slice_of_home
D:9:      david_lair_generic, serial_shops,
          nicolae_shop_temple_entry_statues_fountains, minivault_16
D:10:     gammafunk_sealed_arena, minmay_orc_entry_temple_large,
          minmay_crystal_water
D:11:     nicolae_blasting_shop
D:12:     uniq_snorg, uniq_kirke
D:13:     erik_vaults_1, serial_shops, shop, minmay_quadrilaterals
D:14:     corexii_leaking_fountain, minmay_the_grid_square_5x5_3x3_mashed,
          uniq_rupert
D:15:     gammafunk_enter_depths_forms, hangedman_ru_absence,
          minmay_fractal_squares_diagonal_5, uniq_louise
Lair:2:   lemuel_oklob_altar
Lair:3:   minmay_snake_entry_six_corridors
Lair:4:   minmay_shoals_entry_lonely_mermaid,
          portal_ice_cave_entry_animals_and_master, pf_torpor_hydra, uniq_sonja
Lair:5:   nicolae_slime_entry_slimehenge, basic_altar, serial_bayou_shore_a,
          minmay_lair_oklob_chamber, uniq_josephine
Lair:6:   hangedman_lair_tendril_chambers, grunt_forest_large_clearings
Orc:2:    kennysheep_orc_mage_school
Elf:1:    eino_elf_arrival_customs, minmay_elf_annihilation, uniq_asterion
Elf:2:    hangedman_elven_crosses_minicolossus
Sewer:    kennysheep_pipe_town
IceCv:    ice_cave_small_dragons

Skill      XL: |  1  2  3  4  5  6  7  8  9 10 11 12 13 14 15 16 |
---------------+-------------------------------------------------+-----
Short Blades   | 4 5 6 7 8 10 | 10.5
Throwing       | 1 3 5 7 10 12 13 | 13.3
Dodging        | 5 6 9 10 11 12 14 | 14.4
Fighting       | 3 5 6 9 10 11 | 11.1
Stealth        | 4 9 10 11 13 14 18 | 18.0
Evocations     | 8 10 11 12 20 | 20.1
Armour         | 3 4 5 |  5.0
Shields        | 6 |  6.8

Action                   |  1- 3 |  4- 6 |  7- 9 | 10-12 | 13-15 | 16-18 || total
-------------------------+-------+-------+-------+-------+-------+-------++-------
Melee: Short sword       |   137 |   208 |   265 |       |       |       ||   610
       Rapier            |       |       |   300 |   250 |       |       ||   550
       Dagger            |       |       |       |   965 |  1679 |       ||  2644
       Quick blade       |       |       |       |       |  1086 |   739 ||  1825
 Fire: Blowgun           |       |       |       |       |     3 |     1 ||     4
Throw: Throwing net      |       |       |     8 |     2 |       |       ||    10
       Tomahawk          |       |       |     4 |   184 |    32 |    12 ||   232
Invok: Berserk           |     4 |     8 |    14 |     9 |     2 |       ||    37
       Trog's Hand       |       |     1 |       |       |       |       ||     1
 Abil: Evoke Invisibilit |       |       |       |     7 |    12 |     5 ||    24
       Evoke Blink       |       |       |       |       |     1 |       ||     1
Evoke: Wand              |       |       |       |     1 |     1 |       ||     2
  Use: Potion            |       |     2 |     7 |       |     1 |       ||    10
       Scroll            |       |       |    10 |    10 |    15 |     2 ||    37
 Stab: Sleeping          |     3 |     2 |     3 |    32 |    37 |    32 ||   109
       Invisible         |       |       |       |    31 |    67 |    14 ||   112
       Distracted        |       |       |       |     3 |     3 |     1 ||     7
       Held in net/web   |       |       |       |     1 |       |       ||     1
       Paralysed         |       |       |       |       |     1 |       ||     1
       Petrified         |       |       |       |       |     2 |     7 ||     9
       Confused          |       |       |       |       |     2 |     3 ||     5
       Petrifying        |       |       |       |       |       |     8 ||     8
  Eat: Ration            |     2 |     8 |     6 |    20 |    12 |     4 ||    52
Armor: Animal skin       |     8 |    26 |     5 |       |       |       ||    39
       Skin              |       |     5 |       |       |       |       ||     5
       Robe              |       |       |    43 |    64 |    22 |       ||   129
       Ice dragon scales |       |       |       |       |   347 |    67 ||   414
Dodge: Dodged            |    91 |   176 |   574 |   841 |  1804 |   186 ||  3672
Block: Buckler           |       |       |       |       |       |    34 ||    34

Table legend:
 A = Non-vault XP
 B = Vault XP
 C = Vault XP percentage of total XP
 D = Non-vault monster count
 E = Vault monster count
 F = Vault count percentage of total count
                 A         B        C        D         E       F
            +---------+---------+-------+---------+---------+-------
      Total |  116697 |   96188 |  45.2 |     683 |     343 |  33.4
            +---------+---------+-------+---------+---------+-------
        D:1 |      60 |       0 |   0.0 |      28 |       0 |   0.0
        D:2 |      62 |      37 |  37.4 |      17 |       1 |   5.6
        D:3 |     284 |      52 |  15.5 |      39 |       8 |  17.0
        D:4 |      78 |       0 |   0.0 |       5 |       0 |   0.0
        D:5 |     854 |     752 |  46.8 |      18 |       5 |  21.7
        D:6 |    1078 |     554 |  33.9 |      27 |      32 |  54.2
        D:7 |    2076 |      42 |   2.0 |      29 |       1 |   3.3
        D:8 |    2779 |    1681 |  37.7 |      44 |      11 |  20.0
        D:9 |     849 |    1678 |  66.4 |      16 |       5 |  23.8
       D:10 |    3701 |    2857 |  43.6 |      25 |      17 |  40.5
       D:11 |    3076 |       0 |   0.0 |      39 |       0 |   0.0
       D:12 |    5122 |    4105 |  44.5 |      26 |       6 |  18.8
       D:13 |    6483 |    4966 |  43.4 |      30 |       9 |  23.1
       D:14 |   10219 |    8568 |  45.6 |      29 |      16 |  35.6
       D:15 |   17889 |    9273 |  34.1 |      48 |      24 |  33.3
     Lair:1 |    2663 |       0 |   0.0 |      14 |       0 |   0.0
     Lair:2 |    1502 |     595 |  28.4 |       9 |       1 |  10.0
     Lair:3 |    5741 |    1519 |  20.9 |      31 |      13 |  29.5
     Lair:4 |   10588 |    5426 |  33.9 |      28 |      13 |  31.7
     Lair:5 |    7826 |    6100 |  43.8 |      35 |      33 |  48.5
     Lair:6 |    8162 |   11301 |  58.1 |      29 |      41 |  58.6
      Orc:1 |    2661 |       0 |   0.0 |      39 |       0 |   0.0
      Orc:2 |    2184 |    8800 |  80.1 |      41 |      33 |  44.6
      Elf:1 |    8935 |   11635 |  56.6 |      16 |      15 |  48.4
      Elf:2 |   11825 |   10510 |  47.1 |      21 |      15 |  41.7
      Sewer |       0 |     326 | 100.0 |       0 |      24 | 100.0
      IceCv |       0 |    5411 | 100.0 |       0 |      20 | 100.0
            +---------+---------+-------+---------+---------+-------
